 Dungeon Crawl Stone Soup version 0.17.0-28-g6e173f8 (webtiles) character file.

21 coffecat the Firebug (level 2, -2/15 HPs)
             Began as a Gargoyle Fire Elementalist on Nov 26, 2015.
             Slain by Terence
             ... wielding a +0 hand axe
              (4 damage)
             ... on level 2 of the Dungeon.
             The game lasted 00:05:44 (991 turns).

coffecat the Firebug (Gargoyle Fire Elementalist)    Turns: 991, Time: 00:05:45

Health: -2/15      AC:  4    Str: 11    XL:     2   Next: 83%
Magic:  1/5        EV:  7    Int: 15    God:
Gold:   22         SH:  0    Dex: 10    Spells: 1 memorised, 4 levels left

rFire  . . .     SeeInvis .     (no weapon)
rCold  . . .     Clarity  .     a - +0 robe
rNeg   + . .     SustAt   .     (no shield)
rPois  ∞         Gourm    .     (no helmet)
rElec  +         Spirit   .     (no cloak)
rCorr  .         Warding  .     (no gloves)
rMut   .         Stasis   .     (no boots)
MR     .....                    (no amulet)
Stlth  ++........               (no ring)
                                (no ring)

@: very slightly contaminated, not resistant to hostile enchantments, unstealthy
A: negative energy resistance 1, electricity resistance, unbreathing,
petrification resistance, rot immunity, AC +2
a: no special abilities


You were on level 2 of the Dungeon.
You were not hungry.

You visited 1 branch of the dungeon, and saw 3 of its levels.

You collected 22 gold pieces.

Inventory:

Armour
 a - a +0 robe (worn)
 h - a +0 naga barding
Scrolls
 e - a scroll of amnesia {unknown}
 f - a scroll of enchant armour {unknown}
 j - a scroll of enchant weapon {unknown}
 k - a scroll of random uselessness {unknown}
 m - 2 scrolls of identify {unknown}
 n - a scroll of magic mapping {unknown}
Potions
 d - a potion of agility {unknown}
 g - a potion of cancellation {unknown}
 i - a potion of curing {unknown}
 l - a potion of might {unknown}
 o - a potion of brilliance {unknown}
Books
 b - a book of Flames

   Spells                             Type                      Level
   a - Flame Tongue                   Conjuration/Fire             1
   b - Throw Flame                    Conjuration/Fire             2
   c - Conjure Flame                  Conjuration/Fire             3
   d - Inner Flame                    Hexes/Fire                   3
   e - Sticky Flame                   Conjuration/Fire             4
   f - Fireball                       Conjuration/Fire             5
Comestibles
 c - a chunk of flesh


   Skills:
 + Level 0.2 Fighting
 + Level 1.7 Dodging
 + Level 2.3 Stealth
 + Level 2.2 Spellcasting
 + Level 1.2 Conjurations
 + Level 3.4 Fire Magic


You had 4 spell levels left.
You knew the following spells:

 Your Spells              Type           Power        Failure   Level  Hunger
a - Flame Tongue          Conj/Fire      #....        12%         1    #......


Dungeon Overview and Level Annotations

Branches:
Dungeon (3/15)

Altars:

Annotations:
D:2 Terence


Innate Abilities, Weirdness & Mutations

You are resistant to torment.
Your stone body is resilient (AC +2).
You are immune to poison.
You resist negative energy.
You are resistant to electric shocks.
You can survive without breathing.
You are immune to petrification.
You are immune to rotting.


Message History

Press: ? - help, Shift-Dir - straight line, f/p - Terence
Aim: Terence, wielding a hand axe and wearing a shiny scale mail (moderately wounded)
You miscast Flame Tongue.
The air around you crackles with energy!
Casting: Flame Tongue
Confirm with . or Enter, or press ? or * to list all spells.
Aiming: Flame Tongue
Press: ? - help, Shift-Dir - straight line, f/p - Terence
Aim: Terence, wielding a hand axe and wearing a shiny scale mail (moderately wounded)
The flame tongue hits Terence.
Terence is severely wounded.
Terence hits you with a hand axe!
Ouch! That really hurt!
There is a stone staircase leading up here.
Terence hits you with a hand axe.
* * * LOW HITPOINT WARNING * * *
You climb upwards.
There is a stone staircase leading down here.
Terence hits you with a hand axe.
You die...

#.#######.#
#......<#.#
################.#
#................#
#.################
#.# #.# #######.#
......@@#
...######


You could see Terence.

Vanquished Creatures
  3 giant geckos
  2 bats (D:1)
  3 giant cockroaches (D:1)
  A goblin (D:1)
  A hobgoblin (D:1)
  A kobold (D:1)
  A ball python (D:2)
  3 giant newts (D:1)
  2 rats (D:1)
17 creatures vanquished.

Notes
Turn   | Place    | Note
--------------------------------------------------------------
     0 | D:1      | coffecat the Gargoyle Fire Elementalist began the quest for the Orb.
     0 | D:1      | Reached XP level 1. HP: 10/10 MP: 3/3
    95 | D:1      | Reached XP level 2. HP: 4/15 MP: 0/5
   973 | D:3      | Noticed Terence
   991 | D:2      | Slain by Terence

Action                   || total
-------------------------++-------
Melee: Unarmed           ||    62
 Cast: Flame Tongue      ||    26
  Use: Potion            ||     1
  Eat: Bread ration      ||     1
